 Dungeon Crawl Stone Soup version 0.27.1-33-g824d729ab1 (webtiles) character file.

Game seed: 13954503965342850137

44 comborobin the Twirler (level 3, -7/29 HPs)
             Began as a Palentonga Gladiator on Dec 27, 2021.
             Mangled by Terence (10 damage)
             ... on level 2 of the Dungeon.
             The game lasted 00:00:59 (1601 turns).

comborobin the Twirler (Palentonga Gladiator)       Turns: 1601, Time: 00:01:00

Health: -7/29      AC:  5    Str: 17    XL:     3   Next: 39%
Magic:  3/3        EV: 10    Int:  8    God:
Gold:   93         SH:  0    Dex: 12    Spells: 2/2 levels left

rFire    . . .     SeeInvis +   a - +0 quarterstaff
rCold    . . .     Faith    .   (shield currently unavailable)
rNeg     . . .     Spirit   .   b - +0 leather armour
rPois    .         Reflect  .   c - +0 helmet
rElec    .         Harm     .   (no cloak)
rCorr    .         Rampage  .   (no gloves)
Will     .....                  (no barding)
Stlth    +.........             (no amulet)
HPRegen  0.09/turn              (no ring)
MPRegen  0.08/turn              (no ring)

@: no status effects
A: large, rugged brown scales 3, see invisible, deformed body, roll 1, armoured
tail
a: Rolling Charge


You were on level 2 of the Dungeon.
You visited 1 branch of the dungeon, and saw 2 of its levels.

You collected 93 gold pieces.

Inventory:

Hand Weapons
 a - a +0 quarterstaff (weapon)
Missiles
 d - 3 throwing nets (quivered)
Armour
 b - a +0 leather armour (worn)
 c - a +0 helmet (worn)
Scrolls
 e - 2 scrolls of noise {unknown}
 f - a scroll of immolation {unknown}
 i - a scroll of fear {unknown}
 j - a scroll of identify {unknown}
Potions
 g - a potion of curing {unknown}
 h - a potion of lignification {unknown}


   Skills:
 + Level 2.6 Fighting
 * Level 4.1 Staves
 - Level 1.3 Throwing
 - Level 2.4 Dodging


You had 2 spell levels left.
You didn't know any spells.
Your spell library contained the following spells:

 Spells                   Type           Power      Damage    Failure   Level
 Summon Small Mammal      Summ           0%         N/A       47%         1
 Corpse Rot               Necr/Air       N/A        N/A       63%         2
 Call Canine Familiar     Summ           0%         N/A       85%         3
 Summon Guardian Golem    Hex/Summ       0%         N/A       85%         3
 Dispel Undead            Necr           0%         3d6       99%         4
 Death Channel            Necr           0%         N/A       100%        6


Dungeon Overview and Level Annotations

Branches:
Dungeon (2/15)

Altars:

Annotations:
D:2 Terence


Innate Abilities, Weirdness & Mutations

You are completely covered in rugged brown scales. (AC +3, +7% HP)
You have supernaturally acute eyesight. (SInv)
Armour fits poorly on your strangely shaped body.
You can roll at nearby foes to attack.
You have a long armoured tail.


Message History

Terence is nearby!
Terence hits you with a +0 vorpal trident.
Press: ? - help, v - describe, . - travel
Here: Terence, wielding a +0 vorpal trident and wearing a +0 chain mail The floor.
Unknown command.
You aren't carrying any items that you can evoke.
Unknown command.
You barely miss Terence. You tail-slap Terence.
Terence is lightly wounded.
Terence hits you but does no damage.
You hit Terence.
Terence is lightly wounded.
Terence barely misses you.
You barely miss Terence.
Your tail-slap misses Terence.
Terence is lightly wounded.
Terence hits you with a +0 vorpal trident.
You hit Terence.
Terence is heavily wounded.
Terence barely misses you.
You completely miss Terence.
Terence is heavily wounded.
Terence barely misses you.
You hit Terence but do no damage.
You tail-slap Terence, but do no damage.
Terence is heavily wounded.
Terence hits you with a +0 vorpal trident. x2
You hit Terence but do no damage.
Terence is heavily wounded.
Terence hits you with a +0 vorpal trident.
* * * LOW HITPOINT WARNING * * *
x2 You barely miss Terence.
Terence is moderately wounded.
Terence barely misses you.
You barely miss Terence.
Terence is moderately wounded.
Terence barely misses you.
Terence says, "Don't bother to defend, it's useless."
Terence hits you from afar with a +0 vorpal trident!
You die...

### ....# ..........
#.##.#.#.#.# .
#.##.#.#.#.# .#
#.##.#.#.#.##.####
##.#....#.#.#......
#.@...............#
#.................#
#.@.....#.#.#......
#..#...##..........
#..##.#####.#......
#..##.#####.##.....
.....>.......##...#
....................
.##.#..#.####..######
.. #.#..#.# #........
#. #.#..# #.#######


You could see Terence.

Vanquished Creatures
  An adder (D:2)
  6 endoplasms
  A giant cockroach (D:1)
  4 goblins
  A hobgoblin (D:1)
  2 kobolds (D:1)
  5 quokkas
  A ball python (D:1)
  4 bats
  2 frilled lizards (D:2)
  3 rats (D:1)
30 creatures vanquished.

Notes
Turn   | Place    | Note
-------+----------+-------------------------------------------
     0 | D:1      | comborobin the Palentonga Gladiator began the quest for the
                  | Orb.
     0 | D:1      | Reached XP level 1. HP: 17/17 MP: 1/1
   251 | D:1      | Reached XP level 2. HP: 23/23 MP: 2/2
   684 | D:1      | Found a faded altar of an unknown god.
  1399 | D:2      | Reached skill level 4 in Staves
  1399 | D:2      | Reached XP level 3. HP: 29/29 MP: 3/3
  1586 | D:2      | Noticed Terence
  1601 | D:2      | Mangled by Terence

Illustrated notes

Levels and vault maps discovered:
D:1:      sevenhm_arrival_forest_fort_small_5, layout_rooms,
          shapermc_ecumenical_altar_notcrosses, minmay_parallelograms
D:2:      layout_loops_ring, uniq_terence

Skill      XL: |  1  2 |
---------------+-------+-----
Staves         | 4 |  4.1
Fighting       | |  2.6
Throwing       | |  1.3
Dodging        | |  2.4

Action                   || total
-------------------------++-------
Melee: Quarterstaff      ||    80
       Tailslap          ||    11
Armor: Leather armour    ||    34
Dodge: Dodged            ||    32
